[Event "EYCC Open-U16 2019"]
[Site "Bratislava"]
[Date "2019.08.10"]
[Round "9.12"]
[White "Stoyanov, Tsvetan"]
[Black "Timoshin, Andrei"]
[Result "1/2-1/2"]
[ECO "B23"]
[WhiteElo "2387"]
[BlackElo "2154"]
[Annotator "NA"]
[PlyCount "134"]
[EventDate "2019.08.02"]
[EventType "swiss"]
[EventCountry "SVK"]
[SourceTitle "playchess.com"]
[Source "ChessBase"]
[SourceQuality "1"]
[TimeControl "40/5400+30:1800+30"]

1. e4 c5 2. Nc3 Nc6 3. Nge2 Nf6 4. g3 e6 5. Bg2 d5 6. exd5 exd5 7. d4 cxd4 8. Nxd4 Bc5 9. Qe2+ Be7 10. Be3 O-O 11. O-O-O a6 12. Nb3 Be6 13. Nc5 Bxc5 14. Bxc5 Re8 15. Qd2 Qa5 16. Bd4 Nxd4 17. Qxd4 b5 18. Rhe1 Red8 19. a3 Rac8 20. Bf1 Rb8 21. Na2 Bg4 22. Be2 Re8 23. Nc3 b4 24. axb4 Rxb4 25. Qd3 Bxe2 26. Rxe2 Rxe2 27. Qxe2 Qa1+ 28. Kd2 Qxb2 29. Nxd5 Rb8 30. Nxf6+ Qxf6 31. Ke1 Qc6 32. Rd3 Qh1+ 33. Kd2 Qxh2 34. Qe3 Qh5 35. Qe7 Qa5+ 36. Ke2 Qb5 37. Kd1 h6 38. Rd8+ Rxd8+ 39. Qxd8+ Kh7 40. Qd4 a5 41. Kc1 a4 42. c4 Qb4 43. Qd5 Qc3+ 44. Kb1 Qb3+ 45. Kc1 Qc3+ 46. Kb1 Qf6 47. Ka2 g6 48. c5 Kg7 49. f4 Qc3 50. c6 Kf6 51. Qd6+ Kf5 52. Qd7+ Ke4 53. Qe7+ Kd5 54. Qxf7+ Kc5 55. Qf8+ Kb5 56. Qb8+ Ka6 57. c7 Qc2+ 58. Ka3 Qc3+ 59. Kxa4 Qc4+ 60. Ka3 Qc3+ 61. Ka2 Qc2+ 62. Ka1 Qc1+ 63. Qb1 Qc3+ 64. Ka2 Qa5+ 65. Kb2 Qb6+ 66. Ka1 Qxb1+ 67. Kxb1 Kb7 1/2-1/2

[Event "EYCC Open-U16 2019"]
[Site "Bratislava"]
[Date "2019.08.10"]
[Round "9.13"]
[White "Ongut, Tamas Gunes"]
[Black "Veiga, Jose Francisco R P N"]
[Result "0-1"]
[ECO "B27"]
[WhiteElo "2158"]
[BlackElo "2357"]
[Annotator "NA"]
[PlyCount "82"]
[EventDate "2019.08.02"]
[EventType "swiss"]
[EventCountry "SVK"]
[SourceTitle "playchess.com"]
[Source "ChessBase"]
[SourceQuality "1"]
[TimeControl "40/5400+30:1800+30"]

1. e4 c5 2. Nf3 b6 3. g3 Bb7 4. Nc3 Nf6 5. Qe2 d6 6. Bg2 e6 7. O-O a6 8. d4 cxd4 9. Nxd4 Qc7 10. a4 Be7 11. Rd1 Nbd7 12. h3 Rc8 13. g4 g6 14. Bh6 Ne5 15. f4 Nc4 16. Rab1 e5 17. fxe5 dxe5 18. g5 Nh5 19. Nf5 Bc5+ 20. Kh2 Nf4 21. Qxc4 gxf5 22. Qf1 Nxg2 23. Qxg2 Bd4 24. Qe2 Rg8 25. Rd3 fxe4 26. Rg3 e3 27. g6 Rxg6 28. Rxg6 hxg6 29. Bxe3 Kf8 30. Re1 Qc6 31. Bxd4 exd4 32. Qe7+ Kg8 33. Ne4 Qxc2+ 34. Kg3 Bxe4 35. Rxe4 Qxb2 36. Qf6 Qd2 37. Rf4 Qe1+ 38. Kg4 Qe2+ 39. Rf3 Qe6+ 40. Qxe6 fxe6 41. Kg5 Kg7 0-1

[Event "EYCC Open-U16 2019"]
[Site "Bratislava"]
[Date "2019.08.10"]
[Round "9.14"]
[White "Niedbala, Bartlomiej"]
[Black "Milosevic, Milos"]
[Result "1/2-1/2"]
[ECO "B92"]
[WhiteElo "2152"]
[BlackElo "2312"]
[Annotator "NA"]
[PlyCount "44"]
[EventDate "2019.08.02"]
[EventType "swiss"]
[EventCountry "SVK"]
[SourceTitle "playchess.com"]
[Source "ChessBase"]
[SourceQuality "1"]
[TimeControl "40/5400+30:1800+30"]

1. e4 c5 2. Nf3 d6 3. d4 cxd4 4. Nxd4 Nf6 5. Nc3 a6 6. Be2 e5 7. Nf3 Qc7 8. Bg5 Nbd7 9. a4 h6 10. Be3 Nb6 11. O-O Be6 12. Re1 Rc8 13. Nd2 Be7 14. a5 Nc4 15. Bxc4 Bxc4 16. Bb6 Qc6 17. Nxc4 Qxc4 18. Re3 O-O 19. Ra4 Qe6 20. Rd3 Nd7 21. Nd5 Nxb6 22. Nxb6 Rc6 1/2-1/2

[Event "EYCC Open-U16 2019"]
[Site "Bratislava"]
[Date "2019.08.10"]
[Round "9.15"]
[White "Stefansson, Vignir Vatnar"]
[Black "Cohen Revivo, Shoham"]
[Result "1-0"]
[ECO "D10"]
[WhiteElo "2293"]
[BlackElo "2254"]
[Annotator "NA"]
[PlyCount "153"]
[EventDate "2019.08.02"]
[EventType "swiss"]
[EventCountry "SVK"]
[SourceTitle "playchess.com"]
[Source "ChessBase"]
[SourceQuality "1"]
[TimeControl "40/5400+30:1800+30"]

1. d4 d5 2. c4 c6 3. Nc3 Nf6 4. e3 e6 5. Rb1 Nbd7 6. Nf3 Bd6 7. Bd3 dxc4 8. Bxc4 b5 9. Bd3 O-O 10. O-O b4 11. Ne2 c5 12. e4 e5 13. dxe5 Nxe5 14. Nxe5 Bxe5 15. f4 Bd4+ 16. Kh1 Bb7 17. Nxd4 Qxd4 18. e5 Ne4 19. Qe2 Rad8 20. Bc4 Nd2 21. Bxd2 Qxd2 22. Rbd1 Qxe2 23. Bxe2 Bd5 24. b3 a5 25. Rc1 Be4 26. Rfd1 g6 27. Kg1 Rxd1+ 28. Rxd1 a4 29. Bc4 axb3 30. axb3 Bf5 31. Rd6 Rc8 32. Kf2 Rc7 33. h3 Kg7 34. g4 Be4 35. h4 Re7 36. Rd8 Bb7 37. Kg3 Be4 38. Rc8 Rd7 39. Rxc5 h5 40. gxh5 gxh5 41. Kf2 Bd3 42. Bd5 Bf5 43. Ke3 Kf8 44. Rb5 Ke7 45. Bc4 f6 46. Rxb4 fxe5 47. fxe5 Bg4 48. Rb6 Rd1 49. Rb7+ Kd8 50. Kf4 Re1 51. Rb5 Kd7 52. Kg5 Kc6 53. Kf6 Re3 54. Ra5 Rf3+ 55. Ke7 Rh3 56. e6 Rxh4 57. Kd8 Bxe6 58. Ra6+ Kc5 59. Rxe6 Rd4+ 60. Kc7 h4 61. Rh6 Kb4 62. Kc6 Rf4 63. Kd5 Rg4 64. Ke5 Rg5+ 65. Kf4 Rg1 66. Rxh4 Re1 67. Rh3 Re8 68. Re3 Rf8+ 69. Ke4 Re8+ 70. Kd3 Rd8+ 71. Kc2 Rb8 72. Re4 Rb6 73. Bd3+ Kc5 74. Kc3 Kd5 75. Rc4 Rh6 76. b4 Rh3 77. b5 1-0

[Event "EYCC Open-U16 2019"]
[Site "Bratislava"]
[Date "2019.08.10"]
[Round "9.16"]
[White "Sargsyan, Tigran R."]
[Black "Ivanovic, Marko"]
[Result "1-0"]
[ECO "A41"]
[WhiteElo "2314"]
[BlackElo "2267"]
[Annotator "NA"]
[PlyCount "103"]
[EventDate "2019.08.02"]
[EventType "swiss"]
[EventCountry "SVK"]
[SourceTitle "playchess.com"]
[Source "ChessBase"]
[SourceQuality "1"]
[TimeControl "40/5400+30:1800+30"]

1. d4 d6 2. Nf3 f5 3. Nc3 Nf6 4. Bg5 Nbd7 5. Qd3 e6 6. e4 fxe4 7. Nxe4 Be7 8. Ng3 c6 9. Qd2 Qc7 10. Bd3 Nf8 11. O-O-O Bd7 12. Rhe1 O-O-O 13. Nf5 Be8 14. Nxg7 Qd7 15. Nxe6 Nxe6 16. Bf5 Bf7 17. Qe2 Nd5 18. Bxe6 Bxe6 19. Qxe6 Qxe6 20. Rxe6 Bxg5+ 21. Nxg5 Rhf8 22. f3 Nf4 23. Re4 Nxg2 24. Ne6 Rxf3 25. Nxd8 Kxd8 26. Rg1 Rf2 27. Rg4 Ne3 28. Rg8+ Kc7 29. R1g7+ Kb6 30. Rb8 Rxc2+ 31. Kb1 Kb5 32. Rxh7 b6 33. Re8 Re2 34. a4+ Kc4 35. Rhe7 Kxd4 36. h4 d5 37. h5 Rh2 38. Rxe3 Rxh5 39. Rc3 Rh6 40. Re7 a5 41. Rb7 c5 42. Rb3 c4 43. R3xb6 Rh1+ 44. Ka2 Kd3 45. Rd6 d4 46. Rbd7 Rh4 47. Rd5 Ke3 48. Rxa5 Rh2 49. Re5+ Kf4 50. Rc5 c3 51. Rxd4+ Ke3 52. Rb4 1-0

[Event "EYCC Open-U16 2019"]
[Site "Bratislava"]
[Date "2019.08.10"]
[Round "9.19"]
[White "Boyer, Mahel"]
[Black "Kazmin, Semen"]
[Result "0-1"]
[ECO "E61"]
[WhiteElo "2295"]
[BlackElo "2193"]
[Annotator "NA"]
[PlyCount "104"]
[EventDate "2019.08.02"]
[EventType "swiss"]
[EventCountry "SVK"]
[SourceTitle "playchess.com"]
[Source "ChessBase"]
[SourceQuality "1"]
[TimeControl "40/5400+30:1800+30"]

1. d4 Nf6 2. c4 g6 3. Nc3 Bg7 4. Nf3 d6 5. h3 O-O 6. Bg5 h6 7. Bh4 c5 8. d5 Nbd7 9. e4 a6 10. Nd2 Ne8 11. Be2 b5 12. cxb5 axb5 13. Bxb5 Ba6 14. Bxa6 Rxa6 15. O-O Nc7 16. Qe2 Qa8 17. Nc4 Re8 18. f4 Nb6 19. f5 Nxc4 20. Qxc4 g5 21. Bg3 Bd4+ 22. Kh2 Rb8 23. Rab1 Rab6 24. b3 Qa6 25. Rbc1 Qxc4 26. bxc4 Ra8 27. Ne2 Bg7 28. e5 Bxe5 29. Bxe5 dxe5 30. Nc3 Ne8 31. Ne4 Rxa2 32. Nxc5 Rbb2 33. Rg1 Nd6 34. Nd3 Rd2 35. Nxe5 Nxf5 36. Nf3 Rf2 37. Rcf1 Rxf1 38. Rxf1 Ne3 39. Rg1 Nxc4 40. Re1 Kf8 41. Nd4 Rd2 42. Nc6 Rxd5 43. Nxe7 Rc5 44. g4 Ne5 45. Rxe5 Rxe5 46. Nc6 Re4 47. Kg3 Kg7 48. Na5 Kg6 49. Nb7 Re3+ 50. Kg2 f5 51. gxf5+ Kxf5 52. Nd6+ Kf4 0-1

[Event "EYCC Open-U16 2019"]
[Site "Bratislava"]
[Date "2019.08.10"]
[Round "9.20"]
[White "Fecker, Noah"]
[Black "Stremavicius, Pijus"]
[Result "1/2-1/2"]
[ECO "B07"]
[WhiteElo "2313"]
[BlackElo "2071"]
[Annotator "NA"]
[PlyCount "54"]
[EventDate "2019.08.02"]
[EventType "swiss"]
[EventCountry "SVK"]
[SourceTitle "playchess.com"]
[Source "ChessBase"]
[SourceQuality "1"]
[TimeControl "40/5400+30:1800+30"]

1. e4 d6 2. d4 Nf6 3. Nc3 g6 4. Be3 c6 5. Qd2 Nbd7 6. Nf3 b5 7. Bd3 Bb7 8. O-O Bg7 9. Bh6 O-O 10. a4 b4 11. Ne2 c5 12. Ng3 Qc7 13. c3 bxc3 14. bxc3 e5 15. d5 Qa5 16. Bb5 Ba6 17. Bxd7 Nxd7 18. Nf5 Bf6 19. Bxf8 gxf5 20. Bh6 Bxf1 21. Kxf1 fxe4 22. Ng5 Qa6+ 23. Kg1 Qd3 24. Qe1 Bxg5 25. Bxg5 Qxd5 26. Rd1 Qe6 27. Qxe4 Rb8 1/2-1/2

[Event "EYCC Open-U16 2019"]
[Site "Bratislava"]
[Date "2019.08.10"]
[Round "9.26"]
[White "Risteski, Emil"]
[Black "Neiman, Maks"]
[Result "1/2-1/2"]
[ECO "C06"]
[WhiteElo "2150"]
[BlackElo "1971"]
[Annotator "RC"]
[PlyCount "52"]
[EventDate "2019.08.02"]
[EventType "swiss"]
[EventCountry "SVK"]
[SourceTitle "playchess.com"]
[Source "ChessBase"]
[SourceQuality "1"]
[TimeControl "40/5400+30:1800+30"]

1. e4 e6 2. d4 d5 3. Nd2 Nf6 4. e5 Nfd7 5. Bd3 c5 6. c3 Nc6 7. Ne2 cxd4 8. cxd4 f6 9. exf6 Nxf6 10. Nf3 Bd6 11. O-O Qc7 12. Ng3 O-O 13. Bd2 Bd7 14. Rc1 Qb6 15. Bc3 Bf4 16. Rc2 Nb4 17. Bxb4 Qxb4 18. Ne5 g6 19. Nxd7 Nxd7 20. Qg4 Rae8 21. Ne2 Ne5 22. Qh3 Nxd3 23. Qxd3 Bd6 24. Nc3 a6 25. g3 Rc8 26. Re2 Rc4 1/2-1/2

[Event "EYCC Open-U16 2019"]
[Site "Bratislava"]
[Date "2019.08.10"]
[Round "9.29"]
[White "Holly, Andrej"]
[Black "Degraeve, Remy"]
[Result "0-1"]
[ECO "A14"]
[WhiteElo "2046"]
[BlackElo "2349"]
[Annotator "RC"]
[PlyCount "140"]
[EventDate "2019.08.02"]
[EventType "swiss"]
[EventCountry "SVK"]
[SourceTitle "playchess.com"]
[Source "ChessBase"]
[SourceQuality "1"]
[TimeControl "40/5400+30:1800+30"]

1. c4 Nf6 2. g3 e6 3. Bg2 d5 4. Nf3 Be7 5. O-O O-O 6. d3 b6 7. b3 Bb7 8. Bb2 c5 9. e3 Nc6 10. Qe2 Qc7 11. Nbd2 Rad8 12. Ne1 Rd7 13. f4 Rfd8 14. a3 a6 15. g4 Ne8 16. g5 f5 17. Qh5 g6 18. Qe2 Bf8 19. Ndf3 Bg7 20. Bxg7 Nxg7 21. Nc2 dxc4 22. dxc4 e5 23. Rfd1 e4 24. Nfe1 Na5 25. Rxd7 Rxd7 26. Rb1 Ne6 27. Bf1 Qd8 28. b4 Rd2 29. bxa5 Rxe2 30. Bxe2 b5 31. cxb5 Qxa5 32. bxa6 Bxa6 33. Rb8+ Kf7 34. Ra8 Nc7 35. Ra7 Ke6 36. Bxa6 Nxa6 37. Rxh7 Nc7 38. Rg7 Nd5 39. Rxg6+ Kf7 40. Rd6 Nxe3 41. Kf2 Nxc2 42. Nxc2 c4 43. Ne3 c3 44. g6+ Kg8 45. Rc6 Qd8 46. Nxf5 Qd7 47. Ne7+ Qxe7 48. Rxc3 Qh4+ 49. Ke2 Qxh2+ 50. Ke3 Qg2 51. f5 Qf3+ 52. Kd4 Qxf5 53. Re3 Qxg6 54. Rxe4 Qd6+ 55. Ke3 Kf7 56. Rf4+ Ke6 57. a4 Ke5 58. Re4+ Kf5 59. Rd4 Qa3+ 60. Rd3 Qc5+ 61. Kd2 Ke4 62. a5 Qb4+ 63. Kc2 Qc4+ 64. Rc3 Qa2+ 65. Kd1 Kd4 66. Rc2 Qb3 67. Kc1 Kd3 68. Rd2+ Kc3 69. a6 Qa4 70. Rb2 Qa3 0-1

[Event "EYCC Open-U16 2019"]
[Site "Bratislava"]
[Date "2019.08.10"]
[Round "9.30"]
[White "Vitenberg, Noam Aviv"]
[Black "Minko, Dmitry"]
[Result "0-1"]
[ECO "D31"]
[WhiteElo "2300"]
[BlackElo "2061"]
[Annotator "RC"]
[PlyCount "92"]
[EventDate "2019.08.02"]
[EventType "swiss"]
[EventCountry "SVK"]
[SourceTitle "playchess.com"]
[Source "ChessBase"]
[SourceQuality "1"]
[TimeControl "40/5400+30:1800+30"]

1. d4 d5 2. c4 e6 3. Nc3 Be7 4. cxd5 exd5 5. Bf4 Nf6 6. e3 c6 7. Bd3 Bg4 8. f3 Bh5 9. Nge2 Bg6 10. e4 dxe4 11. fxe4 O-O 12. O-O Na6 13. Bxa6 bxa6 14. Ng3 Re8 15. Rc1 Qb6 16. Rf2 Rad8 17. Be5 Bc5 18. Nd5 Nxd5 19. dxc5 Qa5 20. Bd6 Bxe4 21. a3 Bg6 22. h4 h5 23. Nxh5 Re4 24. Ng3 Rxh4 25. b4 Qxa3 26. Rf3 Qxb4 27. Be7 Rd4 28. Bxd8 Rxd1+ 29. Rxd1 Qxc5+ 30. Kh1 a5 31. Re1 f6 32. Nf5 Qb4 33. Ne7+ Kf7 34. Re5 Qh4+ 35. Rh3 Qd4 36. Re1 Qd2 37. Rf1 Be4 38. Rg3 Nf4 39. Bxa5 Qxa5 40. Rxf4 Qe1+ 41. Kh2 Kxe7 42. Rxg7+ Ke6 43. Rg8 f5 44. Re8+ Kf6 45. Rf3 Qe2 46. Rg3 Qh5+ 0-1

[Event "EYCC Open-U16 2019"]
[Site "Bratislava"]
[Date "2019.08.10"]
[Round "9.34"]
[White "Vadila, Ondrej"]
[Black "Kochavi, Ori"]
[Result "1/2-1/2"]
[ECO "A45"]
[WhiteElo "2048"]
[BlackElo "2153"]
[Annotator "RC"]
[PlyCount "136"]
[EventDate "2019.08.02"]
[EventType "swiss"]
[EventCountry "SVK"]
[SourceTitle "playchess.com"]
[Source "ChessBase"]
[SourceQuality "1"]
[TimeControl "40/5400+30:1800+30"]

1. d4 Nf6 2. Bf4 d5 3. e3 c5 4. c3 Nc6 5. Nd2 Bf5 6. Qb3 Qb6 7. dxc5 Qxb3 8. axb3 e5 9. Bg3 Bxc5 10. b4 Bd6 11. Ngf3 Nd7 12. Be2 O-O 13. O-O f6 14. Ra2 Bc7 15. Nd4 Nxd4 16. exd4 Rfc8 17. Nb3 Re8 18. Bb5 a6 19. Bxd7 Bxd7 20. Rd1 Bb5 21. dxe5 fxe5 22. Nc5 b6 23. Nd3 Re7 24. b3 Rae8 25. Ne1 Rd7 26. Rad2 Bc6 27. Nf3 Bb7 28. Re1 e4 29. Nd4 Bd8 30. h4 Bf6 31. Re3 g6 32. Kh2 Bg7 33. Bf4 Bf6 34. g3 Rf7 35. Ne2 Kg7 36. c4 h6 37. c5 g5 38. hxg5 hxg5 39. Bd6 b5 40. Kg2 Ra8 41. Nd4 Bxd4 42. Rxd4 a5 43. bxa5 Rxa5 44. Rd2 Kf6 45. f4 gxf4 46. gxf4 Rg7+ 47. Kh2 Rh7+ 48. Kg2 Ra8 49. Be5+ Kf5 50. Rg3 Rh6 51. Rg5+ Ke6 52. Bg7 Rh7 53. f5+ Kf7 54. Bd4 e3 55. Re2 Re8 56. Rg6 Re4 57. Rf6+ Ke7 58. Re6+ Rxe6 59. fxe6 Rh4 60. Bxe3 d4+ 61. Kg3 Re4 62. Bg5+ Kxe6 63. Rxe4+ Bxe4 64. Kf4 Bc6 65. Bh6 b4 66. Bg7 Kd5 67. Bf8 Bb5 68. c6 Bxc6 1/2-1/2

[Event "EYCC Open-U16 2019"]
[Site "Bratislava"]
[Date "2019.08.10"]
[Round "9.36"]
[White "Iliaguev, Daniel"]
[Black "Sargsyan, Sargis Vach."]
[Result "1/2-1/2"]
[ECO "A00"]
[WhiteElo "2053"]
[BlackElo "1923"]
[Annotator "NA RC"]
[PlyCount "267"]
[EventDate "2019.08.02"]
[EventType "swiss"]
[EventCountry "SVK"]
[SourceTitle "playchess.com"]
[Source "ChessBase"]
[SourceQuality "1"]
[TimeControl "40/5400+30:1800+30"]

1. g3 Nf6 2. Bg2 d5 3. Nf3 c6 4. O-O Bf5 5. d3 h6 6. Nbd2 e6 7. b3 Be7 8. Bb2 O-O 9. Re1 Bh7 10. e4 Nbd7 11. Qe2 dxe4 12. dxe4 Qb6 13. e5 Nd5 14. Ne4 Bxe4 15. Qxe4 Bb4 16. Rf1 Bc3 17. Bxc3 Nxc3 18. Qh4 Rfd8 19. Rae1 Nf8 20. Qc4 Nb5 21. Re4 Rd5 22. Rg4 Rad8 23. Qf4 Ng6 24. Rxg6 fxg6 25. Qg4 Nc7 26. Qxg6 Rd1 27. g4 Qb4 28. c4 Qc3 29. Qe4 Qd3 30. Ne1 Qxe4 31. Bxe4 R8d2 32. Nc2 g5 33. Rxd1 Rxd1+ 34. Kg2 a5 35. a3 Kf7 36. Kf3 Rb1 37. b4 axb4 38. axb4 Na6 39. b5 cxb5 40. Nd4 Rb2 41. Nxb5 Nc5 42. Nd6+ Ke7 43. Kg2 b6 44. Nc8+ Kf8 45. Bc6 Nd3 46. Bb5 Nxf2 47. Kf3 Nd3 48. h3 Rb3 49. Nxb6 Nxe5+ 50. Ke4 Nf7 51. Nc8 Rxh3 52. Bd7 Nd8 53. Kd4 Rg3 54. c5 Rxg4+ 55. Kc3 h5 56. c6 Nxc6 57. Bxc6 h4 58. Nd6 Rf4 59. Kd3 Kg7 60. Ke3 e5 61. Bd7 Kf6 62. Ne4+ Kg6 63. Nf2 Rd4 64. Bg4 Ra4 65. Kf3 Ra3+ 66. Ke4 Rg3 67. Bd7 Rg2 68. Kf3 Rg1 69. Bg4 Kh6 70. Bd7 Kg6 71. Bg4 Re1 72. Bh3 Rg1 73. Bg4 Rb1 74. Bd7 Rb7 75. Bg4 Rf7+ 76. Ke3 Rf4 77. Bd7 Kf6 78. Bh3 Kf7 79. Bg4 Rd4 80. Bh3 Kg6 81. Bg4 Ra4 82. Bd7 Rb4 83. Kf3 Rb7 84. Bg4 Rb3+ 85. Ke4 Rb4+ 86. Ke3 Rd4 87. Be6 Rf4 88. Bd7 Rb4 89. Be6 Rb1 90. Bg4 Re1+ 91. Kd2 Rg1 92. Ke3 Kf6 93. Ne4+ Ke7 94. Nf2 Kd6 95. Bf5 Kd5 96. Be4+ Kc5 97. Bf5 Re1+ 98. Kd2 Rf1 99. Ke3 Re1+ 100. Kd2 Ra1 101. Ke3 Ra4 102. Ne4+ Kc6 103. Nxg5 Rf4 104. Be4+ Kd6 105. Bf3 Ra4 106. Ne4+ Ke7 107. Kf2 Ra2+ 108. Kg1 Ke6 109. Bg4+ Kf7 110. Bh3 Rb2 111. Bf5 Kg7 112. Kh1 Kf7 113. Kg1 Ke7 114. Kh1 Kf7 115. Kg1 Kg7 116. Kh1 Kh6 117. Bg4 Kg6 118. Kg1 Rb4 119. Bf3 Kf5 120. Nf2 Rb1+ 121. Kg2 Rb2 122. Kg1 Ra2 123. Bd5 Rd2 124. Bc6 Kf4 125. Bb7 h3 126. Ne4 Rb2 127. Bc6 Re2 128. Nf6 h2+ 129. Kh1 Kg5 130. Ne4+ Kh4 131. Nf6 Rd2 132. Bg2 Rf2 133. Ne4 Rxg2 134. Kxg2 1/2-1/2

[Event "EYCC Open-U16 2019"]
[Site "Bratislava"]
[Date "2019.08.10"]
[Round "9.38"]
[White "Karadzhov, Ivan"]
[Black "Grutter, Tim"]
[Result "0-1"]
[ECO "E61"]
[WhiteElo "2023"]
[BlackElo "2091"]
[Annotator "NA RC"]
[PlyCount "104"]
[EventDate "2019.08.02"]
[EventType "swiss"]
[EventCountry "SVK"]
[SourceTitle "playchess.com"]
[Source "ChessBase"]
[SourceQuality "1"]
[TimeControl "40/5400+30:1800+30"]

1. d4 Nf6 2. c4 g6 3. Nc3 Bg7 4. Nf3 O-O 5. Bg5 c5 6. e3 cxd4 7. Nxd4 Nc6 8. Be2 Nxd4 9. exd4 d5 10. O-O Be6 11. c5 Ne4 12. Bh4 b6 13. c6 Nxc3 14. bxc3 Qc7 15. Qa4 f5 16. Rfd1 h6 17. f3 g5 18. Bf2 Kh8 19. Rac1 a6 20. c4 Rfd8 21. cxd5 Bxd5 22. Qc2 e6 23. Bg3 f4 24. Bf2 Rd6 25. Qg6 Rxc6 26. Bd3 Kg8 27. Rxc6 Qxc6 28. h4 Qe8 29. Qh7+ Kf8 30. hxg5 hxg5 31. Bg6 Qd8 32. Be1 a5 33. Bc3 Rc8 34. Bb2 b5 35. Kh2 Qf6 36. Be4 Ke7 37. Qg6 Qxg6 38. Bxg6 b4 39. Kg1 a4 40. a3 b3 41. Bd3 Kd6 42. Re1 Rc7 43. Kf2 Bc4 44. Bg6 Bf6 45. Bb1 Rc8 46. Rh1 Rh8 47. Rc1 Bd5 48. Re1 g4 49. Rg1 Rh2 50. fxg4 Bh4+ 51. Ke2 f3+ 52. Ke3 Rxg2 0-1

[Event "EYCC Open-U16 2019"]
[Site "Bratislava"]
[Date "2019.08.10"]
[Round "9.39"]
[White "Vorisek, Jakub"]
[Black "Ghachava, Akaki"]
[Result "1-0"]
[ECO "E12"]
[WhiteElo "2071"]
[BlackElo "1777"]
[Annotator "NA RC"]
[PlyCount "65"]
[EventDate "2019.08.02"]
[EventType "swiss"]
[EventCountry "SVK"]
[SourceTitle "playchess.com"]
[Source "ChessBase"]
[SourceQuality "1"]
[TimeControl "40/5400+30:1800+30"]

1. d4 Nf6 2. c4 e6 3. Nf3 b6 4. a3 Bb7 5. Nc3 d5 6. cxd5 Nxd5 7. Qc2 Be7 8. e4 Nxc3 9. bxc3 O-O 10. Bd3 c5 11. O-O Qc7 12. Qe2 Qc8 13. Bf4 Ba6 14. a4 Bxd3 15. Qxd3 Rd8 16. Rfd1 Nd7 17. Qe2 Bf6 18. Bd6 Re8 19. e5 Be7 20. Bxe7 Rxe7 21. Qe4 f5 22. Qh4 Re8 23. d5 exd5 24. Rxd5 Nf8 25. Rad1 Qc7 26. Qc4 Kh8 27. Rd6 Qe7 28. h4 Ng6 29. e6 Nf8 30. Ng5 h6 31. Nf7+ Kh7 32. Re1 Nxe6 33. Rexe6 1-0

[Event "EYCC Open-U16 2019"]
[Site "Bratislava"]
[Date "2019.08.10"]
[Round "9.40"]
[White "Fuglestein, Sander"]
[Black "Bin-Suhayl, Ieysaa"]
[Result "1/2-1/2"]
[ECO "A57"]
[WhiteElo "1997"]
[BlackElo "2084"]
[Annotator "NA RC"]
[PlyCount "71"]
[EventDate "2019.08.02"]
[EventType "swiss"]
[EventCountry "SVK"]
[SourceTitle "playchess.com"]
[Source "ChessBase"]
[SourceQuality "1"]
[TimeControl "40/5400+30:1800+30"]

1. d4 Nf6 2. c4 c5 3. d5 b5 4. cxb5 a6 5. e3 axb5 6. Bxb5 Qa5+ 7. Nc3 Bb7 8. Bd2 Qb6 9. Nf3 Nxd5 10. Nxd5 Bxd5 11. a4 e6 12. Bc3 Be7 13. O-O O-O 14. Qe2 Qb7 15. Nd2 f5 16. f3 Bc6 17. e4 d5 18. exd5 exd5 19. Nb3 Bxb5 20. axb5 Rxa1 21. Rxa1 d4 22. Bd2 Qd5 23. Qxe7 Qxb3 24. Ra7 Rf7 25. Qxf7+ Qxf7 26. Rxf7 Kxf7 27. b6 Nc6 28. b7 Ke6 29. Bf4 Kd5 30. b8=Q Nxb8 31. Bxb8 Kc4 32. Kf2 Kb3 33. Ke1 Kc2 34. Be5 d3 35. Bc3 c4 36. g3 1/2-1/2

[Event "EYCC Open-U16 2019"]
[Site "Bratislava"]
[Date "2019.08.10"]
[Round "9.43"]
[White "Pobor, Milo"]
[Black "Darmogray, Makar"]
[Result "1/2-1/2"]
[ECO "C49"]
[WhiteElo "2067"]
[BlackElo "2004"]
[Annotator "NA RC"]
[PlyCount "35"]
[EventDate "2019.08.02"]
[EventType "swiss"]
[EventCountry "SVK"]
[SourceTitle "playchess.com"]
[Source "ChessBase"]
[SourceQuality "1"]
[TimeControl "40/5400+30:1800+30"]

1. e4 e5 2. Nf3 Nc6 3. Nc3 Nf6 4. Bb5 Bb4 5. O-O d6 6. Nd5 Nxd5 7. exd5 a6 8. Ba4 b5 9. dxc6 bxa4 10. c3 Bc5 11. d4 Bb6 12. dxe5 dxe5 13. Qxa4 f6 14. b3 Qd3 15. Ba3 Qxc3 16. Bb4 Qd3 17. Rad1 Qb5 18. Qa3 1/2-1/2

[Event "EYCC Open-U16 2019"]
[Site "Bratislava"]
[Date "2019.08.10"]
[Round "9.44"]
[White "Stankovic, Milos M"]
[Black "Vujovic, Savo"]
[Result "1/2-1/2"]
[ECO "E81"]
[WhiteElo "2270"]
[BlackElo "2023"]
[Annotator "ChessBase"]
[PlyCount "117"]
[EventDate "2019.08.02"]
[EventType "swiss"]
[EventCountry "SVK"]
[SourceTitle "playchess.com"]
[Source "ChessBase"]
[SourceQuality "1"]
[TimeControl "40/5400+30:1800+30"]

1. d4 Nf6 2. c4 g6 3. Nc3 Bg7 4. e4 O-O 5. f3 d6 6. Be3 c6 7. Nge2 a6 8. c5 b5 9. cxb6 Nbd7 10. g4 Nxb6 11. Ng3 Nfd7 12. Be2 e5 13. h4 d5 14. exd5 Nxd5 15. Nxd5 cxd5 16. Qd2 Re8 17. Kf2 e4 18. f4 a5 19. f5 Nf8 20. Kg2 Qb6 21. Raf1 Rb8 22. b3 a4 23. bxa4 h5 24. fxg6 fxg6 25. gxh5 Qb2 26. Rd1 Ne6 27. Bb5 Qxd2+ 28. Rxd2 Rf8 29. Rf1 Rxf1 30. Kxf1 Nc7 31. hxg6 Nxb5 32. axb5 Rxb5 33. h5 Rb6 34. Kg2 Bf8 35. Bg5 Bg4 36. Rc2 Bxh5 37. Nxh5 Rxg6 38. Nf6+ Kh8 39. Kh3 Rxg5 40. Rc7 Rg7 41. Nxd5 e3 42. Rc8 e2 43. Re8 Rd7 44. Nf4 e1=Q 45. Rxe1 Rxd4 46. Ne6 Rd3+ 47. Kg4 Bb4 48. Rb1 Bd6 49. Rb7 Ra3 50. Rd7 Bb4 51. Rb7 Bc3 52. Kf5 Rxa2 53. Kg6 Ra8 54. Rc7 Rg8+ 55. Kf7 Rg3 56. Rc4 Rf3+ 57. Nf4 Bd2 58. Kg6 Rg3+ 59. Kf5 1/2-1/2

[Event "EYCC Open-U16 2019"]
[Site "Bratislava"]
[Date "2019.08.10"]
[Round "9.45"]
[White "Viczencz, Peter"]
[Black "Sanger, Jake M"]
[Result "1-0"]
[ECO "A00"]
[WhiteElo "2014"]
[BlackElo "1867"]
[Annotator "NA"]
[PlyCount "71"]
[EventDate "2019.08.02"]
[EventType "swiss"]
[EventCountry "SVK"]
[SourceTitle "playchess.com"]
[Source "ChessBase"]
[SourceQuality "1"]
[TimeControl "40/5400+30:1800+30"]

1. e3 e6 2. c4 d5 3. Nf3 Nf6 4. cxd5 exd5 5. d4 Be7 6. Bd3 O-O 7. O-O c6 8. Nbd2 Nbd7 9. Qc2 Re8 10. a3 Nf8 11. b4 a6 12. Bb2 Ne6 13. Bc3 g6 14. a4 Ng7 15. b5 cxb5 16. axb5 a5 17. Ne5 Bf5 18. f3 Bxd3 19. Qxd3 Bd6 20. Nb3 b6 21. Nd2 Nd7 22. Ng4 Qh4 23. e4 h5 24. Ne5 Nxe5 25. dxe5 Bc5+ 26. Kh1 d4 27. Bb2 Rxe5 28. Nb3 Rd8 29. Ra4 f5 30. Nxd4 Ne6 31. Qb3 Bxd4 32. Bxd4 Rxd4 33. Rxd4 Kg7 34. Rd7+ Kh6 35. Qc3 Qf6 36. Rd5 1-0

[Event "EYCC Open-U16 2019"]
[Site "Bratislava"]
[Date "2019.08.10"]
[Round "9.46"]
[White "Martin Barcelo, Carles"]
[Black "Ampelakiotis, Stavros"]
[Result "1-0"]
[ECO "B40"]
[WhiteElo "2012"]
[BlackElo "2080"]
[Annotator "NA"]
[PlyCount "67"]
[EventDate "2019.08.02"]
[EventType "swiss"]
[EventCountry "SVK"]
[SourceTitle "playchess.com"]
[Source "ChessBase"]
[SourceQuality "1"]
[TimeControl "40/5400+30:1800+30"]

1. e4 c5 2. Nf3 e6 3. b3 Nf6 4. e5 Nd5 5. Bb2 Nc6 6. g3 b6 7. Bg2 Bb7 8. O-O Be7 9. c4 Nc7 10. d4 cxd4 11. Nxd4 Qc8 12. Nb5 O-O 13. Ba3 Nxb5 14. cxb5 Nb4 15. Bxb7 Qxb7 16. Qd2 Nd5 17. Bxe7 Nxe7 18. Na3 Nf5 19. Nc4 Rfd8 20. Rfd1 h5 21. h4 Rac8 22. Qg5 g6 23. Rd3 a6 24. a4 axb5 25. axb5 Ra8 26. Rad1 Qc7 27. g4 hxg4 28. h5 g3 29. hxg6 Ra2 30. gxf7+ Kxf7 31. Nd6+ Kf8 32. Qf6+ Kg8 33. Rxg3+ Nxg3 34. Qg6+ 1-0